 Dungeon Crawl Stone Soup version 0.24-a0-446-g87df7205b4 (webtiles) character file.

Game seed: 8896701791389970701

98 Ijustatesigmund the Skirmisher (level 4, -7/50 HPs)
             Began as an Ogre Hunter on June 24, 2019.
             Killed from afar by Ijyb (20 damage)
             ... with a bolt of acid
             ... on level 3 of the Dungeon.
             The game lasted 00:03:34 (1981 turns).

Ijustatesigmund the Skirmisher (Ogre Hunter)        Turns: 1981, Time: 00:03:34

Health: -7/50      AC:  1    Str: 16    XL:     4   Next: 71%
Magic:  4/4        EV: 10    Int: 12    God:
Gold:   128        SH:  0    Dex: 10    Spells: 3/3 levels left

rFire    . . .     SeeInvis .   a - +5 whip (flame)
rCold    . . .     Gourm    .   (no shield)
rNeg     . . .     Faith    .   b - +0 robe
rPois    .         Spirit   .   (helmet restricted)
rElec    .         Reflect  .   g - +1 cloak
rCorr    .         Harm     .   (gloves unavailable)
MR       .....                  (boots unavailable)
Stlth    +.........             (no amulet)
HPRegen  0.16/turn              (no ring)
MPRegen  0.09/turn              (no ring)

@: corroded
A: large, unfitting armour, tough skin 1
a: no special abilities


You were on level 3 of the Dungeon.
You were hungry.

You visited 1 branch of the dungeon, and saw 3 of its levels.

You collected 128 gold pieces.

Inventory:

Hand Weapons
 a - a +5 whip of flaming (weapon)
Missiles
 c - 5 large rocks
 j - 5 curare-tipped darts (quivered)
 n - 13 poisoned darts
Armour
 b - a +0 robe (worn)
 g - a +1 cloak (worn)
Scrolls
 k - a scroll of amnesia
 p - a scroll of blinking
Potions
 e - 2 potions of lignification
 h - 2 potions of curing
 i - a potion of berserk rage
 l - a potion of heal wounds {unknown}
 o - a potion of haste {unknown}
Comestibles
 f - 3 rations


   Skills:
 + Level 5.2 Fighting
 + Level 2.1 Maces & Flails
 - Level 4.0 Throwing
 - Level 1.7 Dodging
 - Level 0.6 Stealth


You had 3 spell levels left.
You didn't know any spells.
Your spell library was empty.

Dungeon Overview and Level Annotations

Branches:
Dungeon (3/15)

Altars:
Makhleb
Okawaru
Wu Jian

Annotations:
D:3 Ijyb


Innate Abilities, Weirdness & Mutations

You are too large for most types of armour.
You have tough skin. (AC +1)


Message History

Quivering
d - 2 throwing nets for throwing.
Throwing (i - inventory. (/) - cycle)
d - 2 throwing nets (quivered)
Press: ? - help, Shift-Dir - straight line, f - Ijyb
Aim: Ijyb, wearing a +0 leather armour and carrying a wand of acid (9) (severely wounded)
You throw a throwing net. The throwing net barely misses Ijyb.
Ijyb closely misses you.
Throwing (i - inventory. (/) - cycle)
d - a throwing net (quivered)
Press: ? - help, Shift-Dir - straight line, f/p - Ijyb
Aim: Ijyb, wearing a +0 leather armour and carrying a wand of acid (9) (severely wounded)
You throw a throwing net. The throwing net misses Ijyb.
Ijyb hits you.
* * * LOW HITPOINT WARNING * * *
Quiver which item? (- for none, * to show all) (? for menu, Esc to quit)
Quivering
j - 6 curare-tipped darts for throwing.
Throwing (i - inventory. (/) - cycle)
j - 6 curare-tipped darts (quivered)
Press: ? - help, Shift-Dir - straight line, f/p - Ijyb
Aim: Ijyb, wearing a +0 leather armour and carrying a wand of acid (9) (severely wounded)
You throw a curare-tipped dart.
The curare-tipped dart barely misses Ijyb.
Ijyb zaps a wand.
The bolt of acid hits you!!
You die...

##.## ##<..#
#....###
#......# ##
#.####.# ...
#. #.# ....
#+ #.# .....
##'###......
#...@..#
#....g.#
#.....(#
#......#
#......#
#......#
#......#
....####


You could see Ijyb.

Vanquished Creatures
  4 adders (D:2)
  An ooze (D:1)
  2 worms (D:2)
  2 dart slugs
  2 leopard geckos
  2 giant cockroaches
  9 goblins
  7 hobgoblins
  A ball python (D:2)
  6 bats
  4 frilled lizards
  5 kobolds
  3 rats
48 creatures vanquished.

Notes
Turn   | Place    | Note
-------+----------+-------------------------------------------
     0 | D:1      | Ijustatesigmund the Ogre Hunter began the quest for the
                  | Orb.
     0 | D:1      | Reached XP level 1. HP: 22/22 MP: 1/1
    15 | D:1      | Reached skill level 3 in Fighting
   261 | D:1      | Reached XP level 2. HP: 29/31 MP: 2/2
   562 | D:1      | Reached skill level 4 in Fighting
   679 | D:1      | Reached XP level 3. HP: 39/39 MP: 3/3
   794 | D:1      | Reached skill level 1 in Maces & Flails
   982 | D:2      | Reached XP level 4. HP: 27/49 MP: 4/4
  1181 | D:2      | Reached skill level 5 in Fighting
  1187 | D:2      | Found a burning altar of Makhleb.
  1257 | D:2      | Found an iron altar of Okawaru.
  1446 | D:2      | Found an ornate altar of the Wu Jian Council.
  1964 | D:3      | Noticed Ijyb
  1981 | D:3      | Killed from afar by Ijyb

Levels and vault maps discovered:
D:1:      dpeg_arrival_pits, layout_basic
D:2:      layout_rooms, lemuel_round_altar, old_standard_altar, okawaru_trees_1
D:3:      layout_basic, gammafunk_temple_overflow_statue, first_ration,
          grunt_decor_resistance, uniq_ijyb

Skill      XL: |  1  2  3  4 |
---------------+-------------+-----
Fighting       | 3 4 5 |  5.2
Maces & Flails | 1 2 |  2.1
Throwing       | |  4.0
Dodging        | |  1.7
Stealth        | |  0.6

Action                   |  1- 3 |  4- 6 || total
-------------------------+-------+-------++-------
Melee: Short sword       |    42 |       ||    42
       Whip              |    57 |    58 ||   115
Throw: Throwing net      |       |     2 ||     2
       Dart              |       |     1 ||     1
       Large rock        |       |     1 ||     1
  Use: Scroll            |     5 |     3 ||     8
       Potion            |       |     1 ||     1
 Stab: Distracted        |       |     1 ||     1
       Sleeping          |       |     1 ||     1
  Eat: Chunk             |       |     3 ||     3
Armor: Robe              |    30 |    27 ||    57
Dodge: Dodged            |    58 |    34 ||    92

Table legend:
 A = Non-vault XP
 B = Vault XP
 C = Vault XP percentage of total XP
 D = Non-vault monster count
 E = Vault monster count
 F = Vault count percentage of total count
                 A         B        C        D         E       F
            +---------+---------+-------+---------+---------+-------
      Total |     141 |       0 |   0.0 |      48 |       0 |   0.0
            +---------+---------+-------+---------+---------+-------
        D:1 |      42 |       0 |   0.0 |      20 |       0 |   0.0
        D:2 |      97 |       0 |   0.0 |      27 |       0 |   0.0
        D:3 |       2 |       0 |   0.0 |       1 |       0 |   0.0
            +---------+---------+-------+---------+---------+-------
